[Event "Team 45 45 League T61"]
[Site "Internet Chess Club"]
[Date "2014.07.06"]
[Round "6"]
[White "lacibacsi"]
[Black "Agarnez"]
[Result "1/2-1/2"]
[WhiteElo "1967"]
[BlackElo "1993"]
[Opening "French: advance, Euwe variation"]
[ECO "C02"]
[Time "16:01:00"]
[TimeControl "2700+45"]

1. e4 e6 2. d4 d5 3. e5 c5 4. c3 Nc6 5. Nf3 Bd7 6. a3 a5 7. Bd3 Qb6 8. O-O Nh6
9. Nbd2 cxd4 10. cxd4 Nxd4 11. Nxd4 Qxd4 12. Qb3 Qxe5 13. Qxb7 Qb8 14. Qxb8+
Rxb8 15. Nf3 Bd6 16. Ng5 Bb5 17. Rd1 Bxd3 18. Rxd3 O-O 19. b3 Be5 20. Rb1 a4 21.
Nf3 Bf6 22. Bf4 Rxb3 23. Rdxb3 axb3 24. Rxb3 Nf5 25. a4 Nd4 26. Nxd4 Bxd4 27. a5
e5 28. Be3 Bxe3 29. fxe3 Ra8 30. Rb5 d4 31. exd4 exd4 32. Kf2 Kf8 33. Ke2 Ke7
34. Kd3 Kd6 35. Kxd4 Kc6 36. Rc5+ Kd6 37. Rd5+ Kc6 38. Rc5+ Kb7 39. g4 Re8 40.
h4 Re1 41. Rf5 f6 42. g5 Rh1 43. gxf6 Rxh4+ 44. Ke5 gxf6+ 45. Kxf6 Ka6 46. Kg5
Ra4 {Game drawn by mutual agreement} 1/2-1/2

[Event "Team 45 45 League T61"]
[Site "Internet Chess Club"]
[Date "2014.07.04"]
[Round "6"]
[White "Manas"]
[Black "Tobiasdelmonte"]
[Result "0-1"]
[WhiteElo "1767"]
[BlackElo "1893"]
[Opening "Alekhine's defense"]
[ECO "B03"]
[Time "23:02:28"]
[TimeControl "2700+45"]

1. e4 Nf6 2. e5 Nd5 3. d4 d6 4. Nc3 Nxc3 5. bxc3 dxe5 6. Nf3 Bg4 7. Be2 exd4 8.
cxd4 e6 9. O-O Be7 10. h3 Bh5 11. Rb1 b6 12. g4 Bg6 13. Be3 Nd7 14. Bd3 O-O 15.
Bxg6 hxg6 16. Re1 Nf6 17. Qd3 Qd5 18. Bf4 Qxa2 19. Bxc7 Rfc8 20. Ra1 Qd5 21. Be5
Bb4 22. Reb1 Rc3 {White resigns} 0-1

[Event "Team 45 45 League T61"]
[Site "Internet Chess Club"]
[Date "2014.07.06"]
[Round "6"]
[White "amicusUK"]
[Black "pishd"]
[Result "0-1"]
[WhiteElo "1622"]
[BlackElo "1770"]
[Opening "Queen's pawn: Yusupov-Rubinstein system"]
[ECO "A40"]
[Time "11:01:52"]
[TimeControl "2700+45"]

1. d4 e6 2. Nf3 Nf6 3. e3 g6 4. Be2 Bg7 5. b4 O-O 6. Bb2 b6 7. Nbd2 Bb7 8. O-O
d6 9. c4 Nbd7 10. Qc2 Re8 11. Rfd1 Qe7 12. a3 a5 13. b5 Nf8 14. a4 N6d7 15. Nb3
f5 16. Rac1 Be4 17. Bd3 Nf6 18. Nbd2 Bxd3 19. Qxd3 Rad8 20. Qb3 N6d7 21. Nb1 Kh8
22. Nc3 Nf6 23. Qc2 N8d7 24. Rd2 e5 25. dxe5 dxe5 26. Rcd1 e4 27. Nd4 Nb8 28.
Nce2 Ng4 29. h3 Ne5 30. Nf4 Rd7 31. Qc1 Qf6 32. Nde2 Rxd2 33. Rxd2 Qg5 34. Kh1
Qe7 35. Ba3 Qf7 36. c5 g5 37. Nd5 Nd3 38. Qc4 bxc5 39. Kg1 Nd7 40. Nb6 Qxc4 41.
Nxc4 Nb6 42. Nb2 c4 43. Rc2 Nxb2 44. Bxb2 Bxb2 45. Rxb2 Rd8 46. Nc3 Rd3 47. Rc2
Kg7 48. Kf1 Kf6 49. Ke2 Ke5 50. f3 Nd5 51. Nd1 c3 52. Kf2 Rxd1 {White resigns}
0-1

[Event "Team 45 45 League T61"]
[Site "Internet Chess Club"]
[Date "2014.07.02"]
[Round "6"]
[White "SugarIslander"]
[Black "fireball"]
[Result "1/2-1/2"]
[WhiteElo "1659"]
[BlackElo "1713"]
[Opening "Queen's pawn"]
[ECO "A40"]
[Time "21:06:53"]
[TimeControl "2700+45"]

1. d4 h6 2. e4 g5 3. Bc4 Bg7 4. Ne2 c5 5. d5 d6 6. Nbc3 f5 7. Ng3 f4 8. Qh5+ Kf8
9. Nf5 Bxf5 10. exf5 Nf6 11. Qf3 Nbd7 12. Bd2 Ne5 13. Qe2 Qd7 14. Bd3 a6 15.
O-O-O b5 16. Ne4 Nxd5 17. f6 Nxf6 18. Nxf6 Bxf6 19. Be4 Rb8 20. h4 Kg7 21. g3
fxg3 22. fxg3 Qg4 23. Qe1 Nc4 24. Bc3 Bxc3 25. Qxc3+ Ne5 26. Bg2 Qc4 27. Qa5 b4
28. hxg5 hxg5 29. Rxh8 Rxh8 30. Qc7 Qe6 31. Qa7 a5 32. Bd5 Qf6 33. Qxa5 Rh3 34.
Qd8 Qf8 35. Qxf8+ Kxf8 36. Rg1 Kg7 37. g4 Rh2 38. a4 bxa3 39. bxa3 Rf2 40. Be6
Rf4 41. Kb2 Nc4+ 42. Kb3 Na5+ 43. Kb2 Nc6 44. c4 Nd4 45. Bd7 Rf2+ 46. Kb1 e5 47.
a4 Nb3 48. Rd1 Nd2+ 49. Kc1 Nxc4 50. Be6 Nb2 51. Rxd6 Nxa4 52. Bf5 Nc3 53. Rg6+
Kf7 54. Rxg5 e4 55. Bc8 e3 56. Rf5+ Rxf5 57. gxf5 Kf6 58. Ba6 Kxf5 59. Kc2 Ne4
60. Kd3 Kf4 61. Ke2 Nc3+ 62. Ke1 Ke4 63. Bb7+ Kd3 64. Ba6+ c4 65. Bc8 Ne2 66.
Bf5+ Kd4 67. Kxe2 c3 68. Bc2 {Game drawn by mutual agreement} 1/2-1/2

[Event "Team 45 45 League T61"]
[Site "Internet Chess Club"]
[Date "2014.07.06"]
[Round "6"]
[White "netballgirl"]
[Black "kidviper"]
[Result "0-1"]
[WhiteElo "1718"]
[BlackElo "1960"]
[Opening "QGD: Ragozin variation"]
[ECO "D38"]
[Time "20:08:29"]
[TimeControl "2700+45"]

1. c4 Nf6 2. Nf3 e6 3. Nc3 d5 4. d4 Bb4 5. Bg5 O-O 6. e3 Nbd7 7. Bd3 Bxc3+ 8.
bxc3 c5 9. Qc2 h6 10. Bf4 Qe7 11. h3 Nb6 12. Ne5 Nfd7 13. cxd5 Nxd5 14. Bg3 Nxe5
15. Bxe5 cxd4 16. exd4 Bd7 17. Qb3 b6 18. O-O Rac8 19. c4 Nb4 20. Be4 Nc6 21.
Rac1 Nxe5 22. dxe5 Qc5 23. Rfe1 Bc6 24. Bxc6 Rxc6 25. Qa4 Rc7 26. Qb5 Qxb5 27.
cxb5 Rfc8 28. Rxc7 Rxc7 29. f4 Rc4 30. Rd1 Rxf4 31. Rd8+ Kh7 32. Rd7 Kg6 33.
Rxa7 Rb4 34. a4 f6 35. exf6 gxf6 36. Kf2 Kf5 37. Ra6 h5 38. Rxb6 Rxa4 39. Ra6
Rb4 40. b6 Kf4 41. g3+ Ke4 42. b7 Rb2+ 43. Ke1 Kf5 44. Ra5+ e5 45. Ra7 Ke4 46.
Ra4+ Kf3 47. Ra3+ Ke4 48. Ra4+ Kf5 49. Ra7 e4 50. Ra5+ Kg6 51. Ra7 Kg5 52. Ra5+
f5 53. Ra7 h4 54. b8=Q Rxb8 55. gxh4+ Kf4 56. Ra3 Rh8 57. Kf2 Rxh4 58. Rb3 Rh7
59. Rc3 Ra7 60. Rc2 Ra3 61. Kg2 Rg3+ 62. Kh2 Rg7 63. Rf2+ Ke5 64. Rb2 e3 65.
Rb5+ Ke4 66. Rb4+ Kf3 67. Rb3 Kf2 68. Rb2+ e2 69. Rc2 Kf1 70. Rc5 e1=Q 71. Rxf5+
Qf2+ 72. Rxf2+ Kxf2 {White resigns} 0-1

[Event "Team 45 45 League T61"]
[Site "Internet Chess Club"]
[Date "2014.07.03"]
[Round "6"]
[White "kidcobra"]
[Black "OzymandiasVII"]
[Result "0-1"]
[WhiteElo "1742"]
[BlackElo "1732"]
[Opening "Trompowsky attack (Ruth, Opocenský opening)"]
[ECO "A45"]
[Time "13:24:59"]
[TimeControl "2700+45"]

1. d4 Nf6 2. Bg5 d5 3. Bxf6 exf6 4. Nc3 c6 5. e4 dxe4 6. Nxe4 Bf5 7. Qe2 Be7 8.
O-O-O O-O 9. g4 Be6 10. Nc3 Qa5 11. Bg2 Na6 12. d5 cxd5 13. Bxd5 Bxd5 14. Rxd5
Qc7 15. Nf3 Bb4 16. Rd3 Rae8 17. Qd2 Nc5 18. Rd4 Ne4 19. Rxe4 Rxe4 20. Qd3 Qf4+
21. Kb1 Bxc3 22. Qxc3 Qxg4 23. Rg1 Qf5 24. Rg3 Qe6 25. Rg1 Rc8 26. Qd3 Re2 27.
Rd1 Qe8 28. Nd4 Re1 29. Nf5 Rxd1+ 30. Qxd1 Rd8 31. Qg1 g6 32. a3 Qe2 33. Qg3
Rd1+ 34. Ka2 Qe6+ 35. b3 Qxf5 36. Qc3 Qe5 37. Qxe5 fxe5 38. b4 Kf8 39. b5 Ke7
40. c4 Kd6 41. a4 Kc5 42. a5 b6 43. axb6 axb6 44. f4 exf4 45. h4 Kxc4 46. Kb2
Rd3 47. Kc2 Rh3 48. h5 Rh2+ 49. Kd1 Kd3 50. Ke1 Ra2 51. Kf1 Ke3 52. Kg1 Kf3 53.
hxg6 hxg6 54. Kh1 Kg3 55. Kg1 Ra1# {White checkmated} 0-1

[Event "Team 45 45 League T61"]
[Site "Internet Chess Club"]
[Date "2014.07.06"]
[Round "6"]
[White "zap2"]
[Black "baconwithfries"]
[Result "1/2-1/2"]
[WhiteElo "1816"]
[BlackElo "1680"]
[Opening "Benko's opening"]
[ECO "A00"]
[Time "04:20:06"]
[TimeControl "2700+45"]

1. g3 d5 2. Bg2 Nf6 3. Nf3 c6 4. d3 Bg4 5. h3 Bh5 6. O-O Nbd7 7. Nbd2 e5 8. e4
Bd6 9. Qe1 O-O 10. Nh4 Qc7 11. Nf5 Rfe8 12. Nxd6 Qxd6 13. Nf3 Bxf3 14. Bxf3 Rad8
15. Be3 b6 16. Qe2 Nc5 17. Rfd1 d4 18. Bc1 Ne6 19. a4 a5 20. Bg2 c5 {Game drawn
by mutual agreement} 1/2-1/2